[Event "Titled Tuesday Blitz August 22 Late 2023"]
[White "Colpe, Malte"]
[Black "Principe, Gerson"]
[WhiteFideId "24623075"]
[BlackFideId "3804550"]
[WhiteElo "2451"]
[BlackElo "2583"]
[Result "1/2-1/2"]
[Round "7"]
[TimeControl "180+1"]
[Date "2023.08.22"]
[WhiteClock "0:00:11"]
[BlackClock "0:00:11"]
[Board "67"]

1. d4 Nf6 2. c4 e6 3. Nc3 Bb4 4. e3 O-O 5. Ne2 d5 6. a3 Be7 7. cxd5 exd5 8. Nf4 c6 9. Bd3 Nbd7 10. O-O Re8 11. f3 Nf8 12. Bc2 Be6 13. Nxe6 Nxe6 14. Bd2 c5 15. dxc5 Bxc5 16. b4 Bf8 17. Ne2 Qb6 18. Kh1 Rad8 19. Bd3 g6 20. a4 Bg7 21. a5 Qd6 22. Rc1 Nd7 23. Qb3 Ne5 24. Bb5 Rf8 25. Nd4 Nc4 26. Bxc4 dxc4 27. Rxc4 Nxd4 28. exd4 Bxd4 29. Bg5 Bf6 30. Bxf6 Qxf6 31. Rc7 Rd4 32. b5 b6 33. a6 Qd6 34. Rxa7 Rb4 35. Qd1 Qc5 36. Rb7 Qxb5 37. a7 Ra4 38. Re1 Qa6 39. Qd7 Ra1 40. Rg1 Qf1 41. Qd4 Qa6 42. Rxa1 Qxb7 43. h3 Ra8 44. Qa4 b5 45. Qa5 b4 46. h4 b3 47. Qa3 b2 48. Rb1 Rxa7 49. Qxb2 Qxb2 50. Rxb2 h5 51. Rb4 Ra5 52. Kh2 Kg7 53. Kg3 Ra6 54. Kh3 Rf6 55. Kg3 Re6 56. Kh3 Re5 57. Kg3 Re6 58. Kh3 Rf6 59. Kg3 Re6 1/2-1/2


[Site "https://www.chess.com"]

[Event "Titled Tuesday Blitz August 22 Late 2023"]
[White "ExchangeAB"]
[Black "Ganiev, Roman"]
[BlackFideId "4131452"]
[WhiteElo "2443"]
[BlackElo "2576"]
[Result "1/2-1/2"]
[Round "7"]
[TimeControl "180+1"]
[Date "2023.08.22"]
[WhiteClock "0:00:25"]
[BlackClock "0:00:11"]
[Board "68"]

1. d4 Nf6 2. Nc3 d5 3. Bf4 a6 4. e3 e6 5. Nf3 c5 6. dxc5 Bxc5 7. Bd3 Nc6 8. e4 Be7 9. O-O O-O 10. exd5 exd5 11. h3 h6 12. Re1 Be6 13. Ne5 Nxe5 14. Bxe5 Rc8 15. Ne2 Bd6 16. Bxd6 Qxd6 17. Nd4 Bd7 18. c3 Rfe8 19. Qf3 Rxe1+ 20. Rxe1 Re8 21. Rxe8+ Bxe8 22. Qe2 Bd7 23. Bf5 Bxf5 24. Nxf5 Qe6 25. Nd4 Qxe2 26. Nxe2 Kf8 27. Nd4 g6 28. f3 Ke7 29. Kf2 Kd6 30. g4 Nd7 31. Ke3 Ne5 32. b3 Nd7 33. f4 Nc5 34. h4 Ne4 35. c4 Nf6 36. g5 hxg5 37. fxg5 Nd7 38. Nf3 dxc4 39. bxc4 Ne5 40. Nd2 Kc5 41. Ke4 Nxc4 42. Nxc4 Kxc4 43. Ke5 b5 44. Kf6 a5 45. Kxf7 b4 46. Kxg6 a4 47. h5 b3 48. axb3+ axb3 49. h6 b2 50. h7 b1=Q+ 51. Kh6 Qh1+ 52. Kg7 Qb7+ 53. Kg8 Qc8+ 54. Kg7 Qd7+ 55. Kg8 Qe8+ 56. Kg7 Qe7+ 57. Kg8 Qxg5+ 58. Kf7 Qh6 59. Kg8 Qg6+ 60. Kh8 Qe8+ 61. Kg7 Qe7+ 62. Kg8 Qe6+ 63. Kg7 Qg4+ 64. Kf8 Qh5 65. Kg8 Qg5+ 66. Kf8 Qh6+ 67. Kg8 Qg6+ 68. Kh8 Qf7 1/2-1/2


[Site "https://www.chess.com"]

[Event "Titled Tuesday Blitz August 22 Late 2023"]
[White "Taboas Rodriguez, Daniel"]
[Black "Mesa Cruz, Juan Carlos"]
[WhiteFideId "2208466"]
[BlackFideId "6423400"]
[WhiteElo "2562"]
[BlackElo "2440"]
[Result "0-1"]
[Round "7"]
[TimeControl "180+1"]
[Date "2023.08.22"]
[WhiteClock "0:00:52"]
[BlackClock "0:00:13"]
[Board "69"]

1. d4 Nf6 2. Nf3 e6 3. c4 d5 4. Nc3 Bb4 5. Bg5 h6 6. Bxf6 Qxf6 7. e3 c5 8. cxd5 cxd4 9. Qxd4 Qxd4 10. Nxd4 exd5 11. Bb5+ Bd7 12. Ke2 Bxc3 13. bxc3 Bxb5+ 14. Nxb5 Kd7 15. Rhd1 Kc6 16. Nd4+ Kc7 17. Nb5+ Kc6 18. Rab1 Nd7 19. c4 Nb6 20. cxd5+ Kd7 21. e4 Rhe8 22. Kd3 Na4 23. Rbc1 Nb2+ 24. Kd4 Nxd1 25. Rxd1 a6 26. Nc3 Rac8 27. e5 b5 28. Re1 Rc4+ 29. Kd3 Rec8 30. Ne4 Ra4 31. f4 Ra3+ 32. Kd2 Rxa2+ 33. Kd3 Ra3+ 34. Kd2 Rc4 35. g4 Rd4+ 36. Kc2 Rxd5 37. Nd6 Rxd6 38. exd6 Kxd6 39. h4 Rf3 40. Re4 a5 41. h5 Rg3 42. f5 b4 43. Kb2 Kd5 44. Re7 a4 45. Rxf7 Rxg4 46. f6 gxf6 47. Rxf6 Rg2+ 48. Kc1 a3 49. Rxh6 a2 50. Ra6 b3 51. Rb6 a1=Q# 0-1


[Site "https://www.chess.com"]

[Event "Titled Tuesday Blitz August 22 Late 2023"]
[White "Sala, Giulia"]
[Black "Estrada Nieto, Julian"]
[WhiteFideId "2840451"]
[BlackFideId "5101018"]
[WhiteElo "2340"]
[BlackElo "2539"]
[Result "0-1"]
[Round "7"]
[TimeControl "180+1"]
[Date "2023.08.22"]
[WhiteClock "0:00:00"]
[BlackClock "0:00:03"]
[Board "70"]

1. e4 e5 2. Nf3 Nc6 3. Bb5 a6 4. Ba4 Nf6 5. O-O Be7 6. Re1 b5 7. Bb3 d6 8. c3 O-O 9. h3 Bb7 10. d4 Re8 11. c4 Na5 12. cxb5 Nxe4 13. bxa6 Rxa6 14. dxe5 Nxb3 15. Qxb3 Nc5 16. Qc2 Bxf3 17. gxf3 Qa8 18. Nd2 Rxa2 19. Rxa2 Qxa2 20. exd6 cxd6 21. Nc4 Qa8 22. Bf4 Ne6 23. Bxd6 Qxf3 24. Bxe7 Rxe7 25. Ne5 Qa8 26. Nxf7 Nf4 27. Nh6+ gxh6 28. Qc4+ Re6 29. f3 Qxf3 30. Qc8+ Kg7 31. Qd7+ Kf6 32. Rxe6+ Nxe6 33. Qxh7 Qg3+ 34. Kf1 Qxh3+ 35. Ke1 Qg3+ 36. Kd1 Qg4+ 37. Kd2 Qf4+ 38. Kd1 Qf3+ 39. Kd2 Qd5+ 40. Kc3 Qc5+ 41. Kd2 Qb4+ 42. Kc1 Qf4+ 43. Kd1 Qg5 44. Qh8+ Qg7 45. Qb8 Qg4+ 46. Kc1 Qf4+ 47. Qxf4+ Nxf4 48. b4 Nd5 49. Kc2 Ke5 50. Kb3 h5 51. b5 h4 52. Kc4 h3 53. Kc5 h2 54. Kc6 h1=Q 0-1


[Site "https://www.chess.com"]

[Event "Titled Tuesday Blitz August 22 Late 2023"]
[White "Mekhitarian, Krikor Sevag"]
[Black "Andrews, Todd"]
[WhiteFideId "2107660"]
[BlackFideId "2012456"]
[WhiteElo "2832"]
[BlackElo "2389"]
[Result "1-0"]
[Round "7"]
[TimeControl "180+1"]
[Date "2023.08.22"]
[WhiteClock "0:00:12"]
[BlackClock "0:00:23"]
[Board "71"]

1. Nf3 Nf6 2. c4 g6 3. Nc3 Bg7 4. e4 d6 5. d4 O-O 6. h3 e5 7. d5 a5 8. g4 Na6 9. Be3 Nd7 10. a3 b6 11. Rg1 Nac5 12. b4 axb4 13. axb4 Rxa1 14. Qxa1 Nb3 15. Qd1 Nd4 16. Nxd4 exd4 17. Bxd4 Bxd4 18. Qxd4 Re8 19. Rg3 Qg5 20. Qd2 Qf6 21. g5 Qg7 22. f4 f5 23. Re3 Nf8 24. Kf2 h6 25. h4 hxg5 26. hxg5 Qh7 27. Kg1 Qh4 28. Qf2 Qg4+ 29. Qg3 Qxg3+ 30. Rxg3 fxe4 31. Re3 Bf5 32. Bg2 Nd7 33. Nxe4 Kg7 34. Kf2 Bxe4 35. Rxe4 Rxe4 36. Bxe4 b5 37. cxb5 Nb6 38. Ke3 Nc4+ 39. Kd4 Nb6 40. Bf3 Kf7 41. Bg4 Na4 42. Be6+ Ke7 43. Bg4 Nb6 44. Bd1 Nd7 45. Bc2 Kf7 46. b6 Nxb6 47. Be4 Kg7 48. b5 Kf7 49. Kc3 Kg7 50. Kb4 Kf7 51. Ka5 Nc4+ 52. Ka6 Nd2 53. Bd3 Nb3 54. Kb7 Nc5+ 55. Kxc7 Nxd3 56. b6 Nc5 57. b7 Na6+ 58. Kc8 Ke7 59. b8=Q Nxb8 60. Kxb8 Kd7 61. Kb7 Kd8 62. Kc6 Ke7 63. Kc7 Ke8 64. Kxd6 Kf7 65. Kd7 Kf8 66. Ke6 Kg7 67. d6 Kf8 68. d7 Kg7 69. d8=Q Kh7 70. Qe7+ Kg8 71. Kf6 Kh8 72. Qg7# 1-0


[Site "https://www.chess.com"]

[Event "Titled Tuesday Blitz August 22 Late 2023"]
[White "Suyarov, Mukhammadzokhid"]
[Black "Filgueiras, Nathan Felipe"]
[WhiteFideId "14210495"]
[BlackFideId "2188562"]
[WhiteElo "2718"]
[BlackElo "2504"]
[Result "1/2-1/2"]
[Round "7"]
[TimeControl "180+1"]
[Date "2023.08.22"]
[WhiteClock "0:00:30"]
[BlackClock "0:00:05"]
[Board "72"]

1. d4 Nf6 2. Nc3 d5 3. Bf4 c5 4. e4 dxe4 5. dxc5 Nbd7 6. b4 e5 7. Bg5 Be7 8. Bc4 O-O 9. Nge2 h6 10. Bh4 Qc7 11. Nxe4 a5 12. a3 b6 13. Nxf6+ Nxf6 14. O-O Rd8 15. Qc1 bxc5 16. b5 Bb7 17. Bg3 Ne4 18. Qe3 Bg5 19. f4 exf4 20. Bxf4 Bxf4 21. Rxf4 Nf6 22. Raf1 Re8 23. Qg3 Bd5 24. b6 Qd6 25. Bxd5 Nxd5 26. Rxf7 Qxg3 27. Nxg3 Nxb6 28. Nh5 Rf8 29. Rxg7+ Kh8 30. Rg6 Rxf1+ 31. Kxf1 Nc4 32. Rxh6+ Kg8 33. Rg6+ Kf7 34. Rc6 Nxa3 35. Rxc5 a4 36. Nf4 Nb1 37. Rb5 Nc3 38. Rc5 a3 39. Rc7+ Ke8 40. Rh7 Rd8 41. Nd3 a2 42. Ra7 Rb8 43. Ke1 Rb1+ 44. Kd2 a1=Q 45. Rxa1 Rxa1 46. Kxc3 Rg1 47. Nf4 Rf1 48. g3 Rh1 49. h4 Rg1 50. Nh5 Kf7 51. Kd3 Kg6 52. Nf4+ Kf5 53. Ne2 Rd1+ 54. Ke3 Kg4 55. c4 Rd8 56. c5 Rd7 57. Ke4 Re7+ 58. Kd3 Rd7+ 59. Kc4 Re7 60. Nd4 Re8 61. c6 Kxg3 62. h5 Kg4 63. h6 Kg5 64. h7 Kg6 65. Nb5 Kxh7 66. Nd6 Rf8 67. c7 Kg7 68. Kd5 Kf6 69. Kc6 Ke7 70. Nf5+ Ke6 71. Nd4+ Ke7 72. Kb7 Kd7 73. Nc6 Rh8 74. Ne5+ Ke6 75. Ng6 Rg8 76. Kc6 Kf6 77. Nf4 Rc8 78. Nd5+ Ke5 79. Nb6 Rxc7+ 80. Kxc7 1/2-1/2


[Site "https://www.chess.com"]

[Event "Titled Tuesday Blitz August 22 Late 2023"]
[White "Mickiewicz, Piotr"]
[Black "Schnaider, Ilan"]
[WhiteFideId "1114891"]
[BlackFideId "169013"]
[WhiteElo "2500"]
[BlackElo "2690"]
[Result "1-0"]
[Round "7"]
[TimeControl "180+1"]
[Date "2023.08.22"]
[WhiteClock "0:00:10"]
[BlackClock "0:00:11"]
[Board "73"]

1. c4 Nf6 2. Nf3 g6 3. g3 Bg7 4. Bg2 O-O 5. O-O Nc6 6. Nc3 d5 7. cxd5 Nxd5 8. d4 e5 9. dxe5 Nxc3 10. bxc3 Nxe5 11. Ba3 Re8 12. Nxe5 Bxe5 13. Qxd8 Rxd8 14. Rfd1 Be6 15. Bxb7 Rab8 16. Bc6 Bxc3 17. Rac1 Rxd1+ 18. Rxd1 Bxa2 19. Kg2 Be6 20. Bc5 a5 21. e4 h5 22. h4 Bb4 23. Be3 Bb3 24. Rd3 a4 25. f4 Bc2 26. Rd7 a3 27. Bd5 Bb1 28. Bxf7+ Kf8 29. Bd5 Bc3 30. Rxc7 a2 31. Bxa2 Ba5 32. Bc5+ Ke8 33. Bf7+ Kd8 34. Ra7 Bxe4+ 35. Kf2 Bc7 36. Be7+ Kd7 37. Bf6 Bf5 38. Ke3 Kc8 39. Bd5 Bb6+ 40. Bd4 Bxa7 41. Bxa7 Rb2 42. Bd4 Kd7 43. Bxb2 Kd6 44. Bf3 Bd7 45. Be5+ Ke6 46. Be4 Be8 47. Kd4 Ke7 48. Kc5 Ke6 49. Kb6 Ba4 50. Kc7 Kf7 51. Kd6 Bb3 52. Bd5+ Bxd5 53. Kxd5 g5 54. fxg5 Kg6 55. Bf4 Kf5 56. Kd6 Kg6 57. Ke6 Kh7 58. Kf6 Kh8 59. Kg6 Kg8 60. Kxh5 Kh8 61. g6 Kg8 62. Kh6 Kh8 63. g7+ Kg8 64. Bg5 Kf7 65. Kh7 Ke6 66. g8=Q+ Kf5 67. Qc8+ Ke4 68. Kg6 Kf3 69. h5 Kg2 70. h6 Kg1 71. h7 Kg2 72. h8=Q Kf3 73. Qh5+ Kxg3 74. Qc3+ Kf2 75. Qh2+ Kf1 76. Qc1# 1-0


[Site "https://www.chess.com"]

[Event "Titled Tuesday Blitz August 22 Late 2023"]
[White "Perske, Thore"]
[Black "Urbina Perez, Juan Antonio"]
[WhiteFideId "12902195"]
[BlackFideId "2217368"]
[WhiteElo "2677"]
[BlackElo "2489"]
[Result "1-0"]
[Round "7"]
[TimeControl "180+1"]
[Date "2023.08.22"]
[WhiteClock "0:01:34"]
[BlackClock "0:01:08"]
[Board "74"]

1. d4 d5 2. Nf3 Nf6 3. g3 Bf5 4. Bg2 e6 5. c4 c6 6. Nc3 h6 7. Qb3 Qb6 8. c5 Qxb3 9. axb3 Na6 10. h3 Nb4 11. Ra4 a5 12. g4 Bc2 13. Ra3 Be7 14. O-O O-O 15. Bf4 Ne4 16. Rc1 g5 17. Bc7 Nf6 18. Bxa5 Rxa5 19. Rxa5 Bg6 20. Ne5 Bh7 21. Ra7 Rb8 22. Rca1 Na6 23. R1xa6 bxa6 24. Rxe7 Rxb3 25. Nxc6 Rxb2 26. Bf3 Rc2 27. Na4 Ne4 28. Ne5 Ra2 29. c6 Rxa4 30. c7 Nd6 31. Rd7 1-0


[Site "https://www.chess.com"]

[Event "Titled Tuesday Blitz August 22 Late 2023"]
[White "Itkis, Boris"]
[Black "Ghasi, Ameet K"]
[WhiteFideId "1209167"]
[BlackFideId "409200"]
[WhiteElo "2480"]
[BlackElo "2664"]
[Result "1-0"]
[Round "7"]
[TimeControl "180+1"]
[Date "2023.08.22"]
[WhiteClock "0:00:06"]
[BlackClock "0:00:00"]
[Board "75"]

1. d4 Nf6 2. Nc3 d6 3. e4 g6 4. Bg5 Bg7 5. e5 Nfd7 6. exd6 cxd6 7. Qd2 Nc6 8. Nf3 h6 9. Be3 Nf6 10. h3 a6 11. d5 Nb8 12. Bd3 b5 13. a3 Bb7 14. O-O Nbd7 15. Rfe1 Rc8 16. Bd4 O-O 17. Bf1 Re8 18. Rad1 Nb6 19. Bxf6 exf6 20. Rxe8+ Qxe8 21. Nd4 f5 22. Nc6 Bxc6 23. dxc6 Rxc6 24. Nxb5 axb5 25. Bxb5 d5 26. a4 d4 27. a5 Nc8 28. Re1 Qd7 29. a6 Na7 30. Bxc6 Qxc6 31. Re7 Qxa6 32. Qb4 Nc6 33. Re8+ Kh7 34. Qd6 Qc4 35. Rc8 Qxc2 36. Rxc6 Qxb2 37. Rc7 Qb3 38. Qe7 d3 39. Qxf7 Qb2 40. Rd7 d2 41. Qd5 Qa1+ 42. Kh2 Qf6 43. Qxd2 h5 44. g3 h4 45. Qd5 hxg3+ 46. fxg3 Qb2+ 47. Qd2 Qf6 48. h4 Qe5 49. Rb7 Qf6 50. Qd7 Qc3 51. Qe7 f4 52. gxf4 1-0


[Site "https://www.chess.com"]

[Event "Titled Tuesday Blitz August 22 Late 2023"]
[White "Seletsky, Grigory"]
[Black "Annaberdiyev, Meylis"]
[WhiteFideId "14112191"]
[BlackFideId "14000563"]
[WhiteElo "2477"]
[BlackElo "2661"]
[Result "0-1"]
[Round "7"]
[TimeControl "180+1"]
[Date "2023.08.22"]
[WhiteClock "0:00:04"]
[BlackClock "0:01:00"]
[Board "76"]

1. e4 c5 2. Nf3 Nc6 3. Bb5 d6 4. O-O Bd7 5. Re1 a6 6. Bf1 Bg4 7. d3 Nf6 8. Nbd2 e6 9. h3 Bh5 10. c3 Be7 11. a4 d5 12. Qe2 O-O 13. g4 Bg6 14. Bg2 c4 15. Nh4 cxd3 16. Qxd3 Bxe4 17. Nxe4 Nxe4 18. Bxe4 dxe4 19. Qxd8 Raxd8 20. Ng2 Ne5 21. Rf1 f5 22. Nf4 Rd6 23. Be3 g5 24. Nh5 Rd3 25. Rfd1 f4 26. Rxd3 Nxd3 27. Bd4 e5 28. Bb6 Kf7 29. Rd1 Bd8 30. Bxd8 Rxd8 31. Kf1 b5 32. a5 Rd7 33. Ke2 Nc5 34. Ra1 Nb3 35. Ra3 Nc1+ 36. Ke1 Nd3+ 37. Ke2 Nxb2 38. f3 e3 39. c4 Rd2+ 40. Kf1 Nd3 41. cxb5 e2+ 0-1


[Site "https://www.chess.com"]

[Event "Titled Tuesday Blitz August 22 Late 2023"]
[White "Filipascu"]
[Black "Toropov, Pavel"]
[BlackFideId "24129178"]
[WhiteElo "2637"]
[BlackElo "2475"]
[Result "1-0"]
[Round "7"]
[TimeControl "180+1"]
[Date "2023.08.22"]
[WhiteClock "0:00:27"]
[BlackClock "0:00:03"]
[Board "77"]

1. c4 c6 2. d4 d5 3. e3 Nf6 4. Nc3 g6 5. Nf3 Bg7 6. Be2 O-O 7. O-O Bg4 8. cxd5 cxd5 9. h3 Bxf3 10. Bxf3 e6 11. b3 Qa5 12. Qd2 Nc6 13. Bb2 Rfc8 14. Rfc1 Bf8 15. a3 Qd8 16. b4 a5 17. b5 Ne7 18. Na4 Nf5 19. Qd3 Nd6 20. Be2 Nc4 21. Qb3 Ne4 22. Bc3 b6 23. Be1 Nxa3 24. Rxc8 Rxc8 25. f3 Nc2 26. Rd1 Nxe1 27. fxe4 Nc2 28. exd5 Qxd5 29. Qxd5 exd5 30. Nxb6 Rb8 31. Nxd5 a4 32. Bd3 Nb4 33. Nxb4 Bxb4 34. Ra1 a3 35. Kf2 Kf8 36. Ke2 Ke7 37. e4 Kd6 38. Ke3 f6 39. g4 Rc8 40. h4 Rc3 41. g5 fxg5 42. hxg5 Rb3 43. Ra2 Bc3 44. e5+ Kd5 45. Be4+ Kc4 46. Bd3+ Kd5 47. Be4+ Kc4 48. Rc2 Rb2 49. Bd3+ Kd5 50. Rxc3 a2 51. Rc6 Rh2 52. Be4# 1-0


[Site "https://www.chess.com"]

[Event "Titled Tuesday Blitz August 22 Late 2023"]
[White "Fernandez Lopez, Ruben"]
[Black "Karttunen, Mika"]
[WhiteFideId "24518298"]
[BlackFideId "502081"]
[WhiteElo "2474"]
[BlackElo "2630"]
[Result "0-1"]
[Round "7"]
[TimeControl "180+1"]
[Date "2023.08.22"]
[WhiteClock "0:00:19"]
[BlackClock "0:00:34"]
[Board "78"]

1. b3 e6 2. Bb2 f5 3. c4 Nf6 4. e3 Be7 5. Nf3 O-O 6. Be2 d6 7. O-O e5 8. Nc3 c5 9. d4 e4 10. Nd2 Nc6 11. dxc5 dxc5 12. a3 Be6 13. Qc2 Bd6 14. Rad1 Qe7 15. Nb5 Bb8 16. f4 exf3 17. Bxf3 Ne5 18. e4 Nxf3+ 19. Rxf3 a6 20. exf5 Bf7 21. Bxf6 Qxf6 22. Ne4 Qe5 23. Nbd6 Bh5 24. Rd5 Bxd6 25. Rxe5 Bxe5 26. Rh3 Bg4 27. Rd3 Bxf5 28. Rd5 Bd4+ 29. Rxd4 cxd4 30. g4 Bg6 31. Qg2 Rae8 32. h4 Bxe4 33. Qd2 d3 34. h5 Rf3 35. h6 Rg3+ 36. Kh2 Rg2+ 0-1


[Site "https://www.chess.com"]

[Event "Titled Tuesday Blitz August 22 Late 2023"]
[White "Garcia Blanco, Omar"]
[Black "Kirillov, Dmitry"]
[WhiteFideId "2287153"]
[BlackFideId "34180572"]
[WhiteElo "2617"]
[BlackElo "2471"]
[Result "0-1"]
[Round "7"]
[TimeControl "180+1"]
[Date "2023.08.22"]
[WhiteClock "0:00:21"]
[BlackClock "0:00:20"]
[Board "79"]

1. e4 e5 2. Nc3 Nf6 3. f4 d5 4. fxe5 Nxe4 5. Qe2 Nc6 6. Nf3 Nxc3 7. dxc3 Bg4 8. Bf4 Bc5 9. O-O-O O-O 10. Kb1 Re8 11. h3 Bxf3 12. Qxf3 Nxe5 13. Qg3 Qf6 14. Rxd5 Ng6 15. Bg5 Bf2 16. Qf3 Qxg5 17. Bc4 Qe3 18. Rf5 Qxf3 19. Rxf3 Ne5 20. Bxf7+ Nxf7 21. Rxf2 Re7 22. a3 Rae8 23. Ka2 Re1 24. Rxe1 Rxe1 25. Rf4 Re2 26. Kb3 Rxg2 27. Rc4 c6 28. Ra4 a6 29. Rd4 Rg5 30. a4 Rd5 31. Re4 Nd6 32. Re7 Kf8 33. Rd7 b5 34. a5 Nc4 35. Ra7 Nxa5+ 36. Kb4 Nc4 37. Rxa6 Nxb2 38. Rxc6 Nc4 39. Rc7 Kg8 40. Rb7 h5 41. h4 Kh7 42. Rc7 Kh6 43. Rc6+ g6 44. Ra6 Ne3 45. Rb6 Nxc2+ 46. Kb3 Ne3 47. Kb4 Nc4 48. Rc6 Ne5 49. Rc8 Nc4 50. Ra8 Rf5 51. Rc8 Rf4 52. Kxb5 Nd6+ 53. Kb6 Nxc8+ 54. Kb5 Rxh4 55. c4 Rxc4 56. Kxc4 h4 57. Kd3 h3 58. Ke2 h2 59. Kf2 h1=Q 60. Kg3 Qe4 0-1


[Site "https://www.chess.com"]

[Event "Titled Tuesday Blitz August 22 Late 2023"]
[White "Kim, Sergey"]
[Black "Buchenau, Frank"]
[WhiteFideId "13700570"]
[BlackFideId "4604350"]
[WhiteElo "2602"]
[BlackElo "2462"]
[Result "1-0"]
[Round "7"]
[TimeControl "180+1"]
[Date "2023.08.22"]
[WhiteClock "0:00:49"]
[BlackClock "0:00:00"]
[Board "81"]

1. d4 e6 2. c4 Nf6 3. Nc3 Bb4 4. Qc2 c5 5. dxc5 O-O 6. Nf3 Na6 7. e3 Nxc5 8. Bd2 b6 9. Be2 Bb7 10. O-O Rc8 11. Rfd1 d6 12. Be1 Qe7 13. Rac1 e5 14. Nd2 Bxc3 15. Qxc3 d5 16. Qa3 d4 17. Nf3 d3 18. Bf1 a5 19. b4 axb4 20. Bxb4 Ra8 21. Qb2 e4 22. Nd4 Qe5 23. h3 Bc8 24. Bc3 Na4 25. Qb3 Nxc3 26. Rxc3 Qg5 27. Kh2 Qh5 28. Rd2 Nd7 29. Qb5 Qg6 30. Qf5 Nc5 31. Qd5 Bb7 32. Qe5 Rfe8 33. Qg3 Qxg3+ 34. Kxg3 Ra6 35. Nb3 Rea8 36. Nc1 Bc8 37. f3 f5 38. Kf4 Bd7 39. h4 Kf7 40. h5 Kf6 41. g4 Ne6+ 42. Kg3 f4+ 43. exf4 e3 44. Rdxd3 1-0


[Site "https://www.chess.com"]

[Event "Titled Tuesday Blitz August 22 Late 2023"]
[White "Sernecki, Franciszek"]
[Black "Leenhouts, Koen"]
[WhiteFideId "1169297"]
[BlackFideId "1008439"]
[WhiteElo "2462"]
[BlackElo "2588"]
[Result "0-1"]
[Round "7"]
[TimeControl "180+1"]
[Date "2023.08.22"]
[WhiteClock "0:00:10"]
[BlackClock "0:00:17"]
[Board "82"]

1. e4 c5 2. Ne2 Nc6 3. Nbc3 e6 4. g3 d5 5. exd5 exd5 6. Bg2 Nf6 7. d4 cxd4 8. Nxd4 Bg4 9. Nxc6 bxc6 10. Qd3 Bc5 11. O-O O-O 12. h3 Bh5 13. Bg5 Bg6 14. Qd2 Qd6 15. Bf4 Qd7 16. Rfe1 Nh5 17. Be3 Bb6 18. Na4 Bxe3 19. Rxe3 Qd6 20. Rae1 Nf6 21. c3 Rab8 22. b4 a5 23. a3 axb4 24. axb4 h6 25. Qd4 Nd7 26. Re7 Ra8 27. Rxd7 Qxd7 28. Nb6 Qd6 29. Nxa8 Rxa8 30. b5 cxb5 31. Bxd5 Rd8 32. Re8+ Kh7 33. Rxd8 Qxd8 34. Qc5 Qe8 35. Bc6 Qe1+ 36. Kg2 Be4+ 37. Bxe4+ Qxe4+ 38. Kg1 Qd3 39. Kg2 g6 40. Qb4 Qd5+ 41. Kg1 h5 42. h4 Kg7 43. Kh2 Qf5 44. Kg2 Qe5 45. Kh2 Kf6 46. Kg2 Ke6 47. Qa5 Qd5+ 48. Kg1 Qd1+ 49. Kg2 Qd5+ 50. Kg1 Qc6 51. Qb4 Qc4 52. Qa5 Qc5 53. Kg2 f6 54. Qa2+ Qd5+ 55. Qxd5+ Kxd5 56. Kf3 Kc4 57. Kf4 Kxc3 58. g4 b4 59. g5 fxg5+ 60. Kxg5 b3 61. Kxg6 b2 62. Kxh5 b1=Q 63. Kg5 Qh7 64. h5 Kd4 65. h6 Ke5 66. f4+ Ke6 67. f5+ Qxf5+ 0-1


[Site "https://www.chess.com"]

[Event "Titled Tuesday Blitz August 22 Late 2023"]
[White "Kozusek, Daniel"]
[Black "Hajiyev, Kanan"]
[WhiteFideId "349500"]
[BlackFideId "13404148"]
[WhiteElo "2587"]
[BlackElo "2461"]
[Result "1-0"]
[Round "7"]
[TimeControl "180+1"]
[Date "2023.08.22"]
[WhiteClock "0:00:31"]
[BlackClock "0:00:07"]
[Board "83"]

1. d4 c6 2. c4 d5 3. cxd5 cxd5 4. Bf4 Nf6 5. e3 a6 6. Nc3 Nc6 7. Be2 Bf5 8. g4 Be6 9. h4 g6 10. h5 gxh5 11. g5 Ne4 12. Nxe4 dxe4 13. Bxh5 Bg7 14. Bg4 Qa5+ 15. Kf1 Bxg4 16. Qxg4 Qb5+ 17. Kg2 Qxb2 18. Ne2 Qb5 19. Ng3 e5 20. dxe5 Nxe5 21. Qf5 Qd7 22. Rhd1 Qe6 23. Qxe6+ fxe6 24. Nh5 Nd3 25. Nxg7+ Kf7 26. Nh5 e5 27. Bg3 Rac8 28. Nf6 Nc5 29. Nd7 Nd3 30. Nxe5+ Ke6 31. Nxd3 exd3 32. Rxd3 Rhg8 33. Rd6+ Ke7 34. Rad1 1-0


[Site "https://www.chess.com"]

[Event "Titled Tuesday Blitz August 22 Late 2023"]
[White "Salazar Farias, Luis German"]
[Black "Rosen, Eric"]
[WhiteFideId "3902170"]
[BlackFideId "2032562"]
[WhiteElo "2457"]
[BlackElo "2577"]
[Result "0-1"]
[Round "7"]
[TimeControl "180+1"]
[Date "2023.08.22"]
[WhiteClock "0:00:00"]
[BlackClock "0:00:06"]
[Board "84"]

1. d4 d5 2. c4 e6 3. Nf3 Nf6 4. Nc3 Nbd7 5. Bg5 c6 6. e3 Qa5 7. Nd2 Bb4 8. Rc1 Ne4 9. Ncxe4 dxe4 10. Bh4 Qxa2 11. Be2 Qa5 12. O-O Bxd2 13. Ra1 Qb4 14. Qc2 e5 15. Ra4 Qd6 16. Qxd2 exd4 17. exd4 O-O 18. Rfa1 a6 19. Bg3 Qg6 20. b4 Nb6 21. Ra5 Be6 22. Rg5 Qh6 23. Bf4 g6 24. Rb5 axb5 25. Rxa8 Qg7 26. Ra7 Nxc4 27. Bxc4 Bxc4 28. Bh6 Qf6 29. Bxf8 Kxf8 30. Qh6+ Ke7 31. Rxb7+ Kd6 32. Qe3 Bd5 33. Qg3+ Ke6 34. Qg4+ Qf5 35. Qxf5+ Kxf5 36. Ra7 h5 37. Kf1 Bc4+ 38. Ke1 Kf4 39. Kd2 h4 40. Rc7 Bd5 41. h3 g5 42. Ke2 f6 43. Kd2 f5 44. Re7 Bc4 45. Re5 Bd5 46. Ke1 g4 47. hxg4 fxg4 48. Kf1 h3 49. gxh3 gxh3 50. Kg1 Kf3 51. Rf5+ Ke2 52. Rh5 Kd3 53. Rxh3+ Kxd4 54. Re3 Kc4 55. Kf1 Kxb4 56. Ke2 Ka4 57. Kd2 b4 58. Re1 c5 59. Ra1+ Kb5 60. Ke3 c4 61. Rd1 Kc5 62. Ra1 c3 63. Ra5+ Kc4 64. Ra7 b3 65. Rc7+ Kb4 0-1


[Site "https://www.chess.com"]

[Event "Titled Tuesday Blitz August 22 Late 2023"]
[White "Zeck_CH"]
[Black "Chor, Kevin"]
[BlackFideId "2090740"]
[WhiteElo "2456"]
[BlackElo "2577"]
[Result "1-0"]
[Round "7"]
[TimeControl "180+1"]
[Date "2023.08.22"]
[WhiteClock "0:00:06"]
[BlackClock "0:00:02"]
[Board "85"]

1. e4 c5 2. Nf3 Nc6 3. Bb5 Qb6 4. a4 e6 5. O-O Nge7 6. Re1 Ng6 7. c3 a6 8. Bf1 Be7 9. Na3 O-O 10. Nc4 Qc7 11. d4 d5 12. exd5 exd5 13. Ne3 cxd4 14. Nxd5 Qa5 15. Nxe7+ Ncxe7 16. Nxd4 Rd8 17. Bd2 Qb6 18. Qc2 Bd7 19. a5 Qf6 20. Bc4 Rac8 21. Qb3 Ne5 22. Be2 Bc6 23. Be3 Bd5 24. Qa4 Qg6 25. f3 N7c6 26. Nxc6 Bxc6 27. Qf4 Nd3 28. Bxd3 Qxd3 29. Bd4 h6 30. Qe5 f6 31. Qe6+ Kh7 32. Qh3 Rxd4 33. Qxc8 Rf4 34. Qh3 Qd2 35. Qg3 Rf5 36. b4 Rg5 37. Qf2 Qxc3 38. Rab1 Bxf3 39. g3 Bc6 40. Rec1 Qe5 41. Qc2+ Be4 42. Qf2 Rf5 43. Qd2 Bd5 44. Re1 Qd6 45. Rbd1 Rf1+ 46. Rxf1 Qe5 47. Qf2 Be4 48. Rde1 Qd4 49. Re3 Bd3 50. Rd1 Bg6 51. Rxd4 h5 52. Rf4 Kh6 53. h4 1-0


[Site "https://www.chess.com"]

[Event "Titled Tuesday Blitz August 22 Late 2023"]
[White "Kochiev, Ivan"]
[Black "Tsyhanchuk, Stanislav"]
[WhiteFideId "2917890"]
[BlackFideId "13505130"]
[WhiteElo "2575"]
[BlackElo "2449"]
[Result "1-0"]
[Round "7"]
[TimeControl "180+1"]
[Date "2023.08.22"]
[WhiteClock "0:02:06"]
[BlackClock "0:02:04"]
[Board "86"]

1. e4 c5 2. Nf3 d6 3. d4 cxd4 4. Nxd4 Nf6 5. f3 e5 6. Nb3 Be6 7. c4 Nbd7 8. Nc3 Be7 9. Be3 a6 10. Be2 O-O 11. O-O Nh5 12. Qd2 f5 13. exf5 Bxf5 14. g4 Nf4 15. Bxf4 exf4 16. gxf5 Rxf5 17. Nd4 Rh5 18. Ne6 Qb6+ 19. Qd4 Qxb2 20. Qxg7# 1-0


[Site "https://www.chess.com"]